 Dungeon Crawl Stone Soup version 0.27.0-1-g7a089689b8 (webtiles) character file.

Game seed: 11244173972647049724

9 EnegeticOcto the Shield-Bearer (level 2, 26/27 HPs)
             Began as a Minotaur Fighter on Aug 8, 2021.
             Was a Follower of Vehumet.
             Quit the game on level 1 of the Dungeon.
             The game lasted 00:00:11 (371 turns).

EnegeticOcto the Shield-Bearer (Minotaur Fighter)    Turns: 371, Time: 00:00:11

Health: 26/27      AC:  7    Str: 20    XL:     2   Next: 6%
Magic:  1/1        EV:  7    Int:  5    God:    Vehumet [*.....]
Gold:   17         SH:  9    Dex:  9    Spells: 1/1 levels left

rFire    . . .     SeeInvis .   a - +0 war axe
rCold    . . .     Faith    .   c - +0 kite shield
rNeg     . . .     Spirit   .   b - +0 scale mail
rPois    .         Reflect  .   (helmet restricted)
rElec    .         Harm     .   (no cloak)
rCorr    .         Rampage  .   (no gloves)
Will     .....                  (no boots)
Stlth    ..........             (no amulet)
HPRegen  0.09/turn              (no ring)
MPRegen  0.07/turn              (no ring)

@: no status effects
A: horns 2, retaliatory headbutt
a: Renounce Religion


You were on level 1 of the Dungeon.
You worshipped Vehumet.
Vehumet was aware of your devotion.
You visited 1 branch of the dungeon, and saw 1 of its levels.

You collected 17 gold pieces.

Inventory:

Hand Weapons
 a - a +0 war axe (weapon)
Armour
 b - a +0 scale mail (worn)
 c - a +0 kite shield (worn)
Scrolls
 e - a scroll of identify {unknown}
 f - a scroll of enchant weapon {unknown}
Potions
 d - a potion of might {@q3}


   Skills:
 + Level 3.8 Fighting
 * Level 2.9 Axes
 + Level 3.8 Armour
 + Level 3.8 Shields


You had one spell level left.
You didn't know any spells.
Your spell library was empty.

Dungeon Overview and Level Annotations

Branches:
Dungeon (1/15)

Altars:
Vehumet


Innate Abilities, Weirdness & Mutations

You have a pair of horns on your head.
You reflexively headbutt those who attack you in melee.


Message History

A ball python is nearby!
A ball python is nearby!
The ball python bites you. The ball python grabs you.
The ball python constricts you.
You barely miss the ball python. You block the ball python's attack.
The ball python constricts you. The ball python bites you.
The ball python constricts you.
You closely miss the ball python. You block the ball python's attack.
The ball python constricts you. The ball python barely misses you.
The ball python constricts you.
You closely miss the ball python. You headbutt the ball python.
You kill the ball python!
No target in view!
No target in view!
No target in view!
Found an escape hatch in the floor.
Found a ring mail.
Found a stone staircase leading down.
You now have 17 gold pieces (gained 7).
Found 23 arrows.
There is a stone staircase leading down here.
Found 14 stones.
No target in view!
No target in view!
No target in view!
No target in view!
No target in view!
No target in view!
No target in view!
No target in view!
No target in view!
A bat comes into view.
A bat is nearby!
A bat is nearby!
A bat is nearby!
A bat is nearby!
A bat is nearby!
A bat is nearby!
You hit the bat.
The bat is severely wounded.
You block the bat's attack. x2
No target in view!
No target in view!
No target in view!
No target in view!
No target in view!
A goblin comes into view. It is wielding a +0 club.
The bat barely misses you. You furiously retaliate!
You headbutt the bat!
You kill the bat!
A goblin is nearby!
A goblin is nearby!
A goblin is nearby!
A goblin is nearby!
You hit the goblin.
The goblin is severely wounded.
The goblin hits you with a +0 club.
You completely miss the goblin. Your headbutt misses the goblin.
The goblin is severely wounded.
You block the goblin's attack. The goblin barely misses you.
You furiously retaliate!
You headbutt the goblin!
You kill the goblin!
You have reached level 2!
Things that are here:
a +0 club; a goblin corpse
f - a scroll labelled RYGOERGH LIHAUC A ball python comes into view.
The ball python hisses angrily.
Found a faded altar of an unknown god.
A ball python is nearby!
A ball python is nearby!
A ball python is nearby!
A ball python is nearby!
A ball python is nearby!
You block the ball python's attack. The ball python barely misses you.
You closely miss the ball python.
The ball python bites you but does no damage.
You block the ball python's attack.
You barely miss the ball python. You block the ball python's attack.
The ball python grabs you. The ball python constricts you.
The ball python bites you but does no damage.
The ball python constricts you.
The ball python bites you but does no damage.
The ball python constricts you.
You completely miss the ball python. Your headbutt misses the ball python.
You block the ball python's attack. The ball python constricts you.
You barely miss the ball python. You headbutt the ball python.
You kill the ball python!
No target in view!
No target in view!
No target in view!
No target in view!
No target in view!
No target in view!
No target in view!
There is a faded altar of an unknown god here.
You cannot tell which god this altar belongs to.
Convert to them anyway?
Vehumet accepts your prayer! Vehumet welcomes you!
You can now gain magical power from killing.
Vehumet offers you knowledge of Magic Dart.
Are you sure you want to abandon this character and quit the game? (Confirm with "yes".)

.# ..#..# #.# # ## .#
.#..# #.# # #..
.##.#..########.####### ..
...#..................
#.###.#.....######.#######
#.....#.#.# #.# # #......#
# #.# # #.##.###.# #.# #
#.##..@..# #.# #
#.######## #.### # #.#
#...####. #.# #.......
#.###### #....#.##
#......########....##.#
####.................#.
#.#.########....#.## #.#.#
##.#.#)##


There were no monsters in sight!

Vanquished Creatures
  2 ball pythons (D:1)
  A bat (D:1)
  A goblin (D:1)
  A hobgoblin (D:1)
  3 kobolds (D:1)
  2 rats (D:1)
10 creatures vanquished.

Vanquished Creatures (others)
  A plant (D:1)
1 creature vanquished.

Grand Total: 11 creatures vanquished

Notes
Turn   | Place    | Note
-------+----------+-------------------------------------------
     0 | D:1      | EnegeticOcto the Minotaur Fighter began the quest for the
                  | Orb.
     0 | D:1      | Reached XP level 1. HP: 19/19 MP: 0/0
   280 | D:1      | Reached XP level 2. HP: 23/27 MP: 1/1
   361 | D:1      | Found a faded altar of an unknown god.
   370 | D:1      | Became a worshipper of Vehumet
   370 | D:1      | Reached * piety under Vehumet
   370 | D:1      | Offered knowledge of Magic Dart by Vehumet.
   371 | D:1      | Quit the game

Illustrated notes

Levels and vault maps discovered:
D:1:      eino_arrival_water_cross, layout_loops_ring, basic_ecumenical_altar,
          minivault_19, minivault_26, chequers_serial_rivers_micro_c,
          minmay_cupped

Action                   || total
-------------------------++-------
Melee: War axe           ||    20
       Headbutt          ||     3
Armor: Scale mail        ||    11
Dodge: Dodged            ||     7
Block: Kite shield       ||    17
